 Dungeon Crawl Stone Soup version 0.17.0-15-g6d90897 (webtiles) character file.

108 Yevrel the Grave Robber (level 4, -1/31 HPs)
             Began as a Demonspawn Necromancer on Nov 10, 2015.
             Slain by an orc
             ... wielding a +2 antimagic dagger
              (3 damage)
             ... on level 3 of the Dungeon.
             The game lasted 00:16:13 (2765 turns).

Yevrel the Grave Robber (Demonspawn Necromancer)    Turns: 2765, Time: 00:16:13

Health: -1/31      AC:  3    Str:  8    XL:     4   Next: 58%
Magic:  0/8        EV: 12    Int: 17    God:
Gold:   107        SH:  0    Dex: 14    Spells: 4 memorised, 0 levels left

rFire  . . .     SeeInvis .     d - +0 hand axe
rCold  . . .     Clarity  .     a - +0 robe
rNeg   . . .     SustAt   .     (no shield)
rPois  .         Gourm    .     (no helmet)
rElec  .         Spirit   .     (no cloak)
rCorr  .         Warding  .     (no gloves)
rMut   .         Stasis   .     n - +0 pair of boots
MR     .....                    (no amulet)
Stlth  ++........               e - ring of loudness (curse)
                                g - ring of wizardry

@: not resistant to hostile enchantments, unstealthy
A: hooves 1, demonic guardian 1, nightstalker 1
a: no special abilities


You were on level 3 of the Dungeon.
You were hungry.

You visited 1 branch of the dungeon, and saw 3 of its levels.

You collected 107 gold pieces.

Inventory:

Hand Weapons
 d - a +0 hand axe (weapon)
 q - a +0 hunting sling
 x - a +0 spear
 A - a +0 flail
 B - a +0 spear
Missiles
 h - 21 bolts
 i - 50 arrows
 j - 8 poisoned needles
 r - 20 sling bullets
 s - 70 stones (quivered)
Armour
 a - a +0 robe (worn)
 m - a +0 scale mail
 n - a +0 pair of boots (worn)
 v - a +0 leather armour
 y - a +0 robe
Jewellery
 e - a cursed ring of loudness (right hand)
 g - a ring of wizardry (left hand)
Scrolls
 t - a scroll of remove curse
Potions
 f - a potion of flight
 l - a potion of curing
 p - a potion of invisibility
 u - 2 potions of ambrosia {unknown}
Books
 b - a book of Necromancy

   Spells                             Type                      Level
   a - Pain                           Necromancy                   1
   b - Animate Skeleton               Necromancy                   1
   c - Vampiric Draining              Necromancy                   3
   d - Regeneration                   Charms/Necromancy            3
   e - Animate Dead                   Necromancy                   4
   f - Control Undead                 Necromancy                   4
Comestibles
 c - a bread ration
 k - a meat ration
 o - a beef jerky
 w - 8 chunks of flesh
 z - 2 fruits


   Skills:
 + Level 0.6 Fighting
 + Level 0.1 Axes
 + Level 2.3 Dodging
 + Level 1.9 Stealth
 + Level 2.8 Spellcasting
 * Level 5.5 Necromancy


You couldn't memorise any spells.
You knew the following spells:

 Your Spells              Type           Power        Failure   Level  Hunger
a - Pain                  Necr           ###.         1%          1    #......
b - Animate Skeleton      Necr           N/A          1%          1    #......
c - Regeneration          Chrm/Necr      ##........   7%          3    ###....
d - Vampiric Draining     Necr           ###.......   3%          3    ###....


Dungeon Overview and Level Annotations

Branches:
Dungeon (3/15)

Altars:


Innate Abilities, Weirdness & Mutations

You have large cloven feet.
A weak demonic guardian rushes to your aid.
You are slightly more attuned to the shadows.


Message History

The orc is lightly wounded.
The orc hits you with an antimagic dagger.
* * * LOW HITPOINT WARNING * * *
Your rat skeleton bites the orc but does no damage.
You barely miss the orc.
The orc is lightly wounded.
Your rat skeleton crumbles into dust!
The orc misses you. The orc barely misses you.
You hit the orc but do no damage.
The orc is lightly wounded.
The orc hits you with an antimagic dagger.
* * * LOW HITPOINT WARNING * * *
Casting: Pain
Confirm with . or Enter, or press ? or * to list all spells.
Aiming: Pain
Press: ? - help, Shift-Dir - straight line, f - orc
Aim: an orc, wielding an antimagic dagger and wearing a leather armour (chance to defeat MR: 95%)
The orc convulses in agony!
The orc hits you with an antimagic dagger.
You die...

.##....###.##
............#
#............##...>
##..................
.........^........#
#............).##..
.................. .
#..# #..........#.
...###@.#
#.[..<.###...
#....o.#
#......#####.
#..##.####.......#
#. #. #...##.......#
## # #...##.......#
#. #....#......##
##..#(...#.#...##
#....)........##
#....#..###.#..#


You could see an orc.

Vanquished Creatures
  6 adders
  An ooze (D:2)
  2 giant geckos
  2 orcs (D:3)
  4 giant cockroaches
  3 hobgoblins
  2 jackals (D:3)
  7 kobolds
  7 bats
  5 goblins
  A quokka (D:2)
  5 rats
45 creatures vanquished.

Vanquished Creatures (collateral kills)
  2 orcs (D:3)
  A goblin (D:1)
  3 hobgoblins (D:1)
  A giant newt (D:2)
  A rat (D:1)
8 creatures vanquished.

Grand Total: 53 creatures vanquished

Notes
Turn   | Place    | Note
--------------------------------------------------------------
     0 | D:1      | Yevrel the Demonspawn Necromancer began the quest for the Orb.
     0 | D:1      | Reached XP level 1. HP: 13/13 MP: 3/3
   168 | D:1      | Learned a level 1 spell: Animate Skeleton
   303 | D:1      | Gained mutation: You have large cloven feet. [demonic ancestry]
   303 | D:1      | Reached XP level 2. HP: 7/19 MP: 5/5
   637 | D:1      | Reached skill level 5 in Necromancy
  1223 | D:2      | Gained mutation: You are slightly more attuned to the shadows. [demonic ancestry]
  1223 | D:2      | Reached XP level 3. HP: 16/25 MP: 2/6
  1385 | D:2      | Learned a level 3 spell: Regeneration
  1671 | D:2      | HP: 1/25 [poisoned by an adder]
  1834 | D:2      | Gained mutation: A weak demonic guardian rushes to your aid. [demonic ancestry]
  1834 | D:2      | Reached XP level 4. HP: 26/31 MP: 3/7
  1839 | D:2      | Learned a level 3 spell: Vampiric Draining
  2765 | D:3      | Slain by an orc

Action                   |  1- 3 |  4- 6 || total
-------------------------+-------+-------++-------
Melee: Hand axe          |    37 |    20 ||    57
 Cast: Animate Skeleton  |     7 |     2 ||     9
       Pain              |    40 |    36 ||    76
       Regeneration      |     1 |       ||     1
  Use: Scroll            |     6 |       ||     6
       Potion            |     2 |       ||     2
  Eat: Chunk             |     4 |     2 ||     6
